 Dungeon Crawl Stone Soup version 0.31-a0-1424-g2add1c7226 (webtiles) character file.

Game seed: 12849477599215835154

69 Esekla the Cutter (level 4, 0/33 HPs)
             Began as a Demonspawn Wanderer on Dec 26, 2023.
             Incinerated by a bombardier beetle (6 damage)
             ... with a burning spray
             ... on level 3 of the Dungeon.
             The game lasted 00:12:08 (2389 turns).

Esekla the Cutter (Demonspawn Wanderer)             Turns: 2389, Time: 00:12:08

Health: 0/33       AC:  2    Str: 13    XL:     4   Next: 2%
Magic:  3/6        EV: 11    Int: 14    God:
Gold:   156        SH:  0    Dex: 12    Spells: 2/6 levels left

rFire   . . .        a - +2 short sword
rCold   . . .        (no shield)
rNeg    . . .        k - +0 robe
rPois   .            (no helmet)
rElec   .            (no cloak)
rCorr   .            (no gloves)
SInv    .            (no boots)
Will    .....        (no amulet)
Stlth   +            (no ring)
HPRegen 0.25/turn    (no ring)
MPRegen 0.10/turn

%: no passive effects
@: on fire, glowing
A: foul stench 1, icemail 1, condensation shield
a: no special abilities


You were on level 3 of the Dungeon.
You visited 1 branch of the dungeon, and saw 3 of its levels.

You collected 156 gold pieces.

Inventory:

Hand Weapons
 a - a +2 short sword (weapon)
 s - a +0 dagger of freezing
Armour
 k - a +0 robe (worn)
Wands
 d - a wand of paralysis (5)
Scrolls
 b - a scroll of enchant armour {unknown}
 c - a scroll of butterflies
 f - 3 scrolls of identify {unknown}
 g - a scroll of poison {unknown}
 m - a scroll of enchant weapon {unknown}
 n - a scroll of amnesia {unknown}
 o - a scroll of noise {unknown}
Potions
 e - a potion of brilliance {unknown}
 h - a potion of haste {unknown}
 i - a potion of lignification {unknown}
 j - 3 potions of curing
 l - a potion of magic {unknown}


   Skills:
 + Level 2.1 Fighting
 + Level 3.4 Short Blades
 + Level 1.0 Throwing
 + Level 0.4 Armour
 + Level 0.2 Stealth
 + Level 0.2 Shields
 * Level 1.8 Spellcasting
 * Level 1.4 Ice Magic
 + Level 2.1 Evocations


You had 2 spell levels left.
You knew the following spells:

 Your Spells              Type           Power      Damage    Failure   Level
a - Ozocubu's Armour      Ice            5%         N/A       36%         3
b - Freeze                Ice            20%        1d4       13%         1

Your spell library contained the following spells:

 Spells                   Type           Power      Damage    Failure   Level
 Shock                    Conj/Air       4%         1d3       24%         1
 Call Canine Familiar     Summ           1%         N/A       58%         3
 Sigil of Binding         Hex            1%         N/A       58%         3
 Swiftness                Air            1%         N/A       58%         3
 Airstrike                Air            0%         2d(1-17)  94%         4
 Dimensional Bullseye     Hex/Tloc       0%         N/A       94%         4


Dungeon Overview and Level Annotations

Branches:
Dungeon (3/15)

Altars:
Okawaru


Innate Abilities, Weirdness & Mutations

You may rarely emit foul miasma when damaged in melee.
A meltable icy envelope protects you from harm. (AC +0)
A meltable shield of frost defends you. (SH +0)


Message History

The liquid fire burns you!
The bombardier beetle sprays incendiary fluid at you.
The burning spray hits you.
You are even more covered in liquid fire!
The heat melts your icy armour.
You barely miss the bombardier beetle.
The bombardier beetle is heavily wounded.
The liquid fire burns you! The heat melts your icy armour.
You hit the bombardier beetle but do no damage.
The bombardier beetle is heavily wounded.
The liquid fire burns you!
The bombardier beetle closely misses you.
The heat melts your icy armour.
You hit the bombardier beetle but do no damage.
The bombardier beetle is heavily wounded.
The liquid fire burns you! The bombardier beetle bites you.
* * * LOW HITPOINT WARNING * * *
The heat melts your icy armour.
You barely miss the bombardier beetle.
The bombardier beetle is heavily wounded.
The liquid fire burns you!
* * * LOW HITPOINT WARNING * * *
The heat melts your icy armour.
It was a potion of curing.
You feel better. The liquid fire burns you!
* * * LOW HITPOINT WARNING * * *
The bombardier beetle closely misses you.
The heat melts your icy armour.
Press: ? - help, v - describe, . - travel
Here: a bombardier beetle (heavily wounded)
The floor.
Your icy armour cracks and falls away as you move.
You shake off some of the fire as you move.
The liquid fire burns you!
* * * LOW HITPOINT WARNING * * *
You shake off some of the fire as you move.
The liquid fire burns you!
You die...

#..........## #..
##..........# #.#
#..........# #.######
#..........# ####.##..†.
#[.........####.......##.
#...............##.####..
##>...).........##.# #.#
#.................####..
#...B#.@.........##.....
#......#.......#.#....%.
#....###....>..#.......<
#....# #######.........
#....# ######.#.......
#....#####.........^....
####.....#..............
#....................
#......#.............


There were no monsters in sight!

Vanquished Creatures
  2 adders (D:2)
  A worm (D:3)
  A dart slug (D:3)
  4 endoplasms
  4 giant cockroaches
  4 goblins
  A hobgoblin (D:1)
  3 jackals (D:3)
  A quokka (D:1)
  6 ball pythons
  5 bats
  3 frilled lizards
  6 kobolds
  6 rats
47 creatures vanquished.

Notes
Turn   | Place    | Note
-------+----------+-------------------------------------------
     0 | D:1      | Esekla the Demonspawn Wanderer began the quest for the Orb.
     0 | D:1      | Esekla set off with the following items: a +2 short sword,
                  | a wand of polymorph (7), a scroll of butterflies, a +0
                  | leather armour; and the following spell memorised: Freeze;
                  | and the following spells available to memorise: Ozocubu's
                  | Armour.
     0 | D:1      | Reached XP level 1. HP: 16/16 MP: 2/2
   246 | D:1      | Gained mutation: A meltable shield of frost defends you.
                  | (SH +0) [demonic ancestry]
   246 | D:1      | Reached XP level 2. HP: 21/22 MP: 4/4
   557 | D:1      | Reached skill level 3 in Short Blades
   909 | D:2      | Gained mutation: A meltable icy envelope protects you from
                  | harm. (AC +0) [demonic ancestry]
   909 | D:2      | Reached XP level 3. HP: 27/27 MP: 5/5
   919 | D:2      | Learned a level 3 spell: Ozocubu's Armour
  2306 | D:3      | Found an iron altar of Okawaru.
  2334 | D:3      | Gained mutation: You may rarely emit foul miasma when
                  | damaged in melee. [demonic ancestry]
  2334 | D:3      | Reached XP level 4. HP: 33/33 MP: 2/6
  2389 | D:3      | Incinerated by a bombardier beetle

Illustrated notes

Levels and vault maps discovered:
D:1:      zaba_arrival_water, layout_basic, minmay_statues_item,
          chequers_decorated_corner
D:2:      layout_basic
D:3:      layout_rooms, okawaru_gym_becter, kennysheep_another_room

Skill      XL: |  1  2 |
---------------+-------+-----
Short Blades   | 3 |  3.4
Fighting       | |  2.1
Throwing       | |  1.0
Armour         | |  0.4
Stealth        | |  0.2
Shields        | |  0.2
Spellcasting   | |  1.8
Ice Magic      | |  1.4
Evocations     | |  2.1

Action                     |  1- 3 |  4- 6 || total
---------------------------+-------+-------++-------
  Melee: Short sword       |   128 |    11 ||   139
         Punch             |     1 |       ||     1
   Cast: Ozocubu's Armour  |     2 |     1 ||     3
    Use: Potion            |       |     1 ||     1
   Stab: Sleeping          |     2 |       ||     2
 Armour: Leather armour    |    22 |       ||    22
         Robe              |    15 |     3 ||    18
  Dodge: Dodged            |    54 |     6 ||    60
  Block: Other             |    17 |     2 ||    19

Table legend: (Time is in decaauts)
 A = Elapsed time spent in this place.
 B = Non-inter-level travel time spent in this place.
 C = Inter-level travel time spent in this place.
 D = Time resting spent in this place.
 E = Time spent auto-exploring this place.
 F = Levels seen in this place.
 G = Mean time per level.
                   A        B        C        D        E       F      G
               +--------+--------+--------+--------+--------+-----+--------+
         Total |   2374 |   2210 |    164 |    208 |   1034 |   3 |  791.3 |
       Dungeon |   2374 |   2210 |    164 |    208 |   1034 |   3 |  791.3 |
               +--------+--------+--------+--------+--------+-----+--------+

Top non-repeatable levels by time:
     D:2: 1342 daAuts
     D:1: 645 daAuts
     D:3: 386 daAuts
